 Dungeon Crawl Stone Soup version 0.24-a0-347-g1a3e1d3 (webtiles) character file.

Game seed: 4790929357585663436

38 wirefist the Skirmisher (level 3, 0/33 HPs)
             Began as a Draconian Fighter on May 22, 2019.
             Slain by a frilled lizard (1 damage)
             ... on level 3 of the Dungeon.
             The game lasted 00:02:18 (1146 turns).

wirefist the Skirmisher (Draconian Fighter)         Turns: 1146, Time: 00:02:19

Health: 0/33       AC:  5    Str: 19    XL:     3   Next: 25%
Magic:  3/3        EV: 10    Int:  8    God:
Gold:   75         SH:  9    Dex: 10    Spells: 2/2 levels left

rFire    . . .     SeeInvis .   a - +0 flail
rCold    . . .     Gourm    .   b - +0 shield
rNeg     . . .     Faith    .   (armour unavailable)
rPois    .         Spirit   .   (helmet restricted)
rElec    .         Reflect  .   (no cloak)
rCorr    .         Harm     .   (no gloves)
MR       .....                  (no boots)
Stlth    +.........             (no amulet)
HPRegen  0.11/turn              (no ring)
MPRegen  0.08/turn              (no ring)

@: no status effects
A: unfitting armour, cold-blooded, AC +5
a: no special abilities


You were on level 3 of the Dungeon.
You were not hungry.

You visited 1 branch of the dungeon, and saw 3 of its levels.

You collected 75 gold pieces.

Inventory:

Hand Weapons
 a - a +0 flail (weapon)
Missiles
 n - a throwing net (quivered)
Armour
 b - a +0 shield (worn)
Jewellery
 k - an uncursed amulet of guardian spirit {unknown}
Scrolls
 g - 2 scrolls of identify {unknown}
 i - a scroll of enchant armour {unknown}
 j - 3 scrolls of blinking {unknown}
 l - 2 scrolls of teleportation {unknown}
Potions
 c - a potion of might
 e - a potion of lignification {unknown}
 f - a potion of heal wounds {unknown}
 m - a potion of agility {unknown}
Comestibles
 d - 5 rations
 h - a chunk of flesh


   Skills:
 + Level 3.9 Fighting
 + Level 2.6 Maces & Flails
 - Level 2.6 Dodging
 + Level 3.4 Shields


You had 2 spell levels left.
You didn't know any spells.
Your spell library was empty.

Dungeon Overview and Level Annotations

Branches:
Dungeon (3/15)

Altars:

Annotations:
D:3 Jessica, Sigmund, Terence


Innate Abilities, Weirdness & Mutations

Your plain brown scales are hard. (AC +5)
You cannot fit into any form of body armour.
You are cold-blooded and may be slowed by cold attacks.


Message History

Jessica gestures at you while chanting.
You barely resist. You block the leopard gecko's attack.
The leopard gecko closely misses you.
Sigmund the Dreaded comes into view.
He is wielding a +0 scythe.
Sigmund shouts!
You hear a shout!
You block the leopard gecko's attack.
The frilled lizard unfolds its giant frill.
The frilled lizard bites you but does no damage.
Sigmund moves out of view.
You barely miss Jessica.
Jessica is moderately wounded.
You block Jessica's attack. You block the leopard gecko's attack.
Jessica barely misses you.
The frilled lizard bites you but does no damage.
The orc priest calls down the wrath of Beogh upon you.
Beogh smites you!
* * * LOW HITPOINT WARNING * * *
You block the leopard gecko's attack. Jessica closely misses you.
The frilled lizard bites you.
You die...

## ... # #. .. #.#.
... ###.#.##.# .##
.......@.#...
#.......##.#
#.......##.##
#.....@@#...## #
#.....llo....##.#
#.....@.o.......#
#......o.....##.#.#
######..#...##.....
.....##.........
#####.####.######
#.. .# ### ##


You could see Sigmund, Terence, an orc priest, Jessica, 2 orcs, a leopard gecko
and a frilled lizard.

Vanquished Creatures
  An adder (D:2)
  A worm (D:2)
  A dart slug (D:1)
  2 giant cockroaches
  5 goblins
  2 hobgoblins (D:1)
  3 bats (D:1)
  3 frilled lizards
  4 kobolds
  4 rats
26 creatures vanquished.

Notes
Turn   | Place    | Note
-------+----------+-------------------------------------------
     0 | D:1      | wirefist the Draconian Fighter began the quest for the Orb.
     0 | D:1      | Reached XP level 1. HP: 19/19 MP: 1/1
   260 | D:1      | Reached XP level 2. HP: 22/26 MP: 2/2
   812 | D:2      | Reached XP level 3. HP: 11/33 MP: 3/3
  1094 | D:2      | Noticed Jessica
  1113 | D:2      | Noticed Terence
  1144 | D:3      | Noticed Sigmund
  1145 | D:3      | HP: 1/33 [orc priest/divine providence (11)]
  1146 | D:3      | Slain by a frilled lizard

Levels and vault maps discovered:
D:1:      roderic_octagonal_star, layout_loops_cross
D:2:      layout_rooms, lemuel_doored_altar, nemelex_dance_club_becter,
          uniq_terence, uniq_jessica
D:3:      layout_loops_ring, gammafunk_temple_overflow_pools,
          chequers_temple_overflow_statue_of_worship, first_ration,
          uniq_sigmund, uniq_grinder

Action                   || total
-------------------------++-------
Melee: Flail             ||   108
       Tailslap          ||     8
  Eat: Chunk             ||     1
Armor: Skin              ||    36
Dodge: Dodged            ||    55
Block: Shield            ||    63

Table legend:
 A = Non-vault XP
 B = Vault XP
 C = Vault XP percentage of total XP
 D = Non-vault monster count
 E = Vault monster count
 F = Vault count percentage of total count
                 A         B        C        D         E       F
            +---------+---------+-------+---------+---------+-------
      Total |      55 |       0 |   0.0 |      26 |       0 |   0.0
            +---------+---------+-------+---------+---------+-------
        D:1 |      25 |       0 |   0.0 |      16 |       0 |   0.0
        D:2 |      30 |       0 |   0.0 |      10 |       0 |   0.0
            +---------+---------+-------+---------+---------+-------
